 Dungeon Crawl Stone Soup version 0.19-a0-1555-g1831138 (webtiles) character file.

72 Deemzul the Skirmisher (level 4, 0/55 HPs)
             Began as a Demonspawn Berserker on Sept 15, 2016.
             Was a Believer of Trog.
             Slain by an adder (4 damage)
             ... on level 3 of the Dungeon.
             The game lasted 00:02:13 (1477 turns).

Deemzul the Skirmisher (Demonspawn Berserker)       Turns: 1477, Time: 00:02:15

Health: 0/55       AC:  3    Str: 22    XL:     4   Next: 7%
Magic:  4/4        EV: 12    Int:  9    God:    Trog [**....]
Gold:   164        SH:  0    Dex: 13    Spells: 0 memorised, 3 levels left

rFire  . . .     SeeInvis .     a - +0 falchion
rCold  . . .     Gourm    .     m - +0 leather armour (curse)
rNeg   . . .     Faith    .     (no shield)
rPois  .         Spirit   .     (no helmet)
rElec  .         Dismiss  .     (no cloak)
rCorr  .         Reflect  .     (no gloves)
MR     .....     Harm     .     (no boots)
Stlth  ..........               (no amulet)
                                (no ring)
                                (no ring)

@: berserking, lethally poisoned (0 -> -9), very quick
A: powered by death 1
a: Berserk, Trog's Hand, Burn Spellbooks, Renounce Religion


You were on level 3 of the Dungeon.
You worshipped Trog.
Trog was pleased with you.
You were not hungry.

You visited 1 branch of the dungeon, and saw 3 of its levels.

You collected 164 gold pieces.

Inventory:

Hand Weapons
 a - a +0 falchion (weapon)
Armour
 b - a +0 animal skin
 m - a cursed +0 leather armour (worn)
Jewellery
 n - an uncursed ring of fire
 r - an uncursed ring of flight {unknown}
Scrolls
 e - a scroll of magic mapping {unknown}
 i - a scroll of enchant armour {unknown}
 k - a scroll of fear {unknown}
 s - a scroll of identify {unknown}
Potions
 d - 2 potions of lignification {unknown}
 g - a potion of brilliance {unknown}
 h - a potion of mutation {unknown}
 l - a potion of haste {unknown}
 o - 3 potions of curing {unknown}
 p - a potion of magic {unknown}
 q - a potion of cancellation {unknown}
Comestibles
 c - 5 bread rations
 f - 2 meat rations
 j - a beef jerky


   Skills:
 + Level 3.8 Fighting
 * Level 3.6 Long Blades
 + Level 1.9 Armour
 + Level 2.0 Dodging


You had 3 spell levels left.
You didn't know any spells.

Dungeon Overview and Level Annotations

Branches:
Dungeon (3/15)

Altars:


Innate Abilities, Weirdness & Mutations

You regenerate a little health from kills.


Message History

* * * LOW HITPOINT WARNING * * *
The adder completely misses you.
A red film seems to cover your vision as you go berserk!
You feel yourself moving faster!
You feel mighty!
You feel somewhat more hungry.
* * * LOW HITPOINT WARNING * * *
You feel sick. The adder misses you.
You slash the adder!
The adder is almost dead.
* * * LOW HITPOINT WARNING * * *
You feel sick. The adder bites you.
* * * LOW HITPOINT WARNING * * *
You miss the adder.
The adder is almost dead.
* * * LOW HITPOINT WARNING * * *
You feel sick. The adder bites you but does no damage.
You barely miss the adder.
The adder is almost dead.
The adder bites you.
You die...

......#####.# #...
...#..##
.##..##......
......$....#
...........######
...##..(.........
......(......##
#....%........##..#
###........(@%...#
.#####..........S.###
...........†....#.#
...##..........##...
...........#### #...
#........## #...
##.......# ...
###.......# ..
.###.........#


You could see an adder.

Vanquished Creatures
  2 adders
  2 worms (D:2)
  A dart slug (D:2)
  A giant gecko (D:3)
  A giant cockroach (D:1)
  7 goblins
  5 hobgoblins
  7 jackals
  A quokka (D:2)
  A ball python (D:2)
  4 bats
  A frilled lizard (D:1)
  5 kobolds
  5 rats
43 creatures vanquished.

Notes
Turn   | Place    | Note
-------+----------+-------------------------------------------
     0 | D:1      | Deemzul the Demonspawn Berserker began the quest for the Orb.
     0 | D:1      | Reached XP level 1. HP: 18/18 MP: 1/1
    50 | D:1      | You fall through a shaft!
    79 | D:2      | Gained mutation: You regenerate a little health from kills. [demonic ancestry]
    79 | D:2      | Reached XP level 2. HP: 9/24 MP: 2/2
   338 | D:1      | Reached XP level 3. HP: 11/29 MP: 3/3
   594 | D:2      | Reached ** piety under Trog
  1368 | D:3      | Reached XP level 4. HP: 12/37 MP: 4/4
  1477 | D:3      | Slain by an adder

Vault maps used:
D:1:      sevenhm_arrival_forest_fort_small_3
D:2:      first_bread
D:3:      uniq_terence

Skill      XL: |  1  2  3 |
---------------+----------+-----
Long Blades    | 3 |  3.6
Dodging        | 2 |  2.0
Fighting       | |  3.8
Armour         | |  1.9

Action                   |  1- 3 |  4- 6 || total
-------------------------+-------+-------++-------
Melee: Falchion          |   150 |    22 ||   172
Invok: Berserk           |     1 |     1 ||     2
  Eat: Chunk             |     2 |     1 ||     3
Armor: Animal skin       |     7 |       ||     7
       Leather armour    |    12 |     3 ||    15
Dodge: Dodged            |    84 |    10 ||    94
